Map: Catalyst LE

Players

lllllllllllI - Winner!

  • Race: Protoss Protoss
  • League: Master
  • Spawn Location: 5:00

AxelTL

  • Race: Protoss Protoss
  • League: Master
  • Spawn Location: 11:00

VOD

Have the link to the VOD?

Description

Time

  • Played on: Feb. 20, 2018, 12:40 a.m.
  • Length: 5:55
Show
View Real Time Build Order
Export as new Build Order

lllllllllllI Protoss - Winner!

Build Orders: 1 Gate Expand 

Get SALT Encoding   

  12  0:00  Probe (Chrono Boost)  
  13  0:13  Probe (Chrono Boost)  
  14  0:17  Pylon  
  14  0:21  Probe (Chrono Boost)  
  15  0:35  Probe  
  15  0:42  Gateway  
  16  0:48  Probe  
  17  1:12  Nexus  
  17  1:29  Zealot  
  19  1:33  Cybernetics Core, Probe  
  20  1:56  Zealot (Chrono Boost)  
  20  1:57  Pylon  
  22  2:05  Pylon  
  22  2:18  Zealot (Chrono Boost)  
  24  2:25  Shield Battery  
  24  2:27  Shield Battery  
  24  2:29  Shield Battery  
  24  2:30  Shield Battery  
  24  2:36  Shield Battery  
  23  2:50  Probe  
  24  2:59  Shield Battery  
  24  3:03  Pylon  
  22  3:21  Shield Battery  
  22  3:26  Shield Battery  
  22  3:35  Forge  
  22  4:08  Shield Battery  
  22  4:09  Photon Cannon  
  22  4:10  Photon Cannon  
  22  4:12  Photon Cannon  
  22  4:16  Photon Cannon  
  20  4:27  Photon Cannon  
  20  4:30  Probe (Chrono Boost)  
  18  4:58  Pylon  
  18  5:01  Photon Cannon  
  18  5:07  Pylon  
Show
View Real Time Build Order
Export as new Build Order

AxelTL Protoss 

Build Orders:  

Get SALT Encoding   

  12  0:00  Probe  
  13  0:12  Probe  
  14  0:18  Pylon  
  14  0:24  Probe  
  15  0:37  Probe (Chrono Boost), Gateway  
  16  0:47  Assimilator, Probe (Chrono Boost)  
  17  0:52  Probe (Chrono Boost)  
  18  1:03  Probe (Chrono Boost)  
  19  1:04  Assimilator  
  20  1:11  Probe (Chrono Boost)  
  20  1:13  Gateway  
  20  1:19  Probe  
  21  1:29  Cybernetics Core  
  21  1:35  Zealot  
  23  1:40  Pylon  
  23  1:58  Probe  
  26  2:04  Adept (Chrono Boost)  
  26  2:07  Zealot (Chrono Boost)  
  28  2:10  Probe  
  28  2:14  Shield Battery  
  28  2:15  Pylon  
  29  2:23  Probe  
  30  2:32  Stalker  
  30  2:34  Stalker  
  30  2:35  Probe  
  34  2:49  Shield Battery  
  34  2:51  Shield Battery  
  17  3:30  Adept (Chrono Boost)  
  21  3:45  Adept (Chrono Boost)  
  21  3:50  Probe  
  22  4:02  Probe, Adept  
  27  4:21  Probe (Chrono Boost)  
  26  4:32  Robotics Facility  
  18  4:57  Probe  
  17  5:08  Stalker  
  17  5:09  Probe  
  14  5:21  Probe  
Tags
 
Matchup
PvP
Spawn Locations
Cross Positions
Add a new tag
Caveats
  • Supply blocks, unpowered buildings, or Contaminate may cause inaccurate times.
  • Supply counts are checked every 10 seconds.